AoeStats
← IGBBMN

Arena

510744165Analyzed
4v4 RM · 21h ago on Oct 2, 2026· 27m 55s· 8 players
Game mode
Random Map
Map size
Large (8 player)
Population
200
Speed
Normal
Resources
Standard
Victory
Conquest
Starting age
Dark Age
Ending age
Imperial Age
RankedLock teamsTeams togetherTeam positionsShared explorationLock speedFull tech treeHidden civsTurbo modeCheats
Victory
Defeat
🇨🇳 Vietnamese · China
1239
+12
🇦🇺 Ethiopians · Australia
1189
+14
🇹🇼 Persians · Taiwan
1183
+14
🇨🇳 Franks · China
1144
+16
🇨🇳 Armenians · China
1167
-15
🇦🇷 Khmer · Argentina
1154
-14
🇨🇳 Mongols · China
1146
-14
🇨🇳 Ethiopians · China
1124
-13
YOU B4STARD!
10:30 Feudal Age
11:58 Double-Bit Axe
14:38 Castle Age
12:48 Horse Collar
15:53 Bow Saw
20:42 Loom
24:43 Wheelbarrow
24:17 Stone Mining
24:19 Gold Mining
26:25 Hand Cart
26:34 Hand Cart
26:32 Fletching
lxc
10:34 Feudal Age
14:19 Castle Age
13:08 Double-Bit Axe
15:07 Wheelbarrow
17:48 Loom
18:23 Horse Collar
20:43 Town Watch
22:29 Bow Saw
23:36 Gold Mining
IGBBMN
9:20 Loom
11:26 Feudal Age
11:56 Horse Collar
16:44 Castle Age
16:28 Double-Bit Axe
19:04 Gold Mining
20:30 Town Watch
26:55 Imperial Age
26:21 Wheelbarrow
爱喝酸奶
7:57 Loom
9:44 Feudal Age
10:27 Double-Bit Axe
15:53 Castle Age
14:10 Horse Collar
14:50 Gold Mining
15:51 Loom
18:25 Wheelbarrow
18:24 Bow Saw
xoxodniw
12:09 Feudal Age
15:37 Castle Age
13:49 Double-Bit Axe
14:07 Horse Collar
14:41 Gold Mining
16:36 Wheelbarrow
16:34 Bow Saw
21:48 Heavy Plow
23:24 Stone Mining
25:42 Gold Shaft Mining
26:28 Stone Shaft Mining
27:17 Hand Cart
31:02 Imperial Age
putinonaritz
11:10 Feudal Age
15:16 Castle Age
20:30 Scale Mail Armor
945100118
10:35 Feudal Age
14:11 Castle Age
12:49 Double-Bit Axe
21:18 Gold Mining
21:59 Bow Saw
27:27 Imperial Age
25:30 Scale Barding Armor
25:36 Forging
26:16 Gold Shaft Mining
26:21 Wheelbarrow
25:32 Town Watch
25:33 Loom
28:13 Chain Barding Armor
28:28 Iron Casting
28:11 Hand Cart
27:57 Town Patrol
27:48 Cavalier
SimonGood
10:13 Feudal Age
11:58 Double-Bit Axe
14:54 Castle Age
13:15 Horse Collar
15:55 Bow Saw
20:48 Wheelbarrow
19:59 Loom
21:32 Gold Mining
21:35 Stone Mining
23:44 Stone Shaft Mining
27:12 Imperial Age
24:44 Fletching
24:54 Padded Archer Armor
25:41 Ballistics
25:06 Treadmill Crane
25:25 Bodkin Arrow
26:19 Ballistics
26:17 Padded Archer Armor
27:13 Leather Archer Armor
27:57 Hand Cart
27:15 Heavy Cavalry Archer
28:13 Bracer
Connection lost

Rejoining the realm…

Still unreachable

The connection could not be restored.

Session expired

The server has moved on; the page needs a fresh start.